 Dungeon Crawl Stone Soup version bcrawl-1.19.1 (webtiles) character file.

Game seed: 7894765797214555917

540 Freyura the Cudgeler (level 7, -2/43 HPs)
             Began as a Skeleton Fighter on Nov 24, 2019.
             Slain by a crocodile (12 damage)
             ... in a sewer.
             The game lasted 00:08:25 (3164 turns).

Freyura the Cudgeler (Skeleton Fighter)             Turns: 3164, Time: 00:08:26

Health: -2/43      AC:  9    Str: 22      XL:     7   Next: 5%
Magic:  0/7        EV:  9    Int:  6 (7)  God:
Gold:   170        SH: 10    Dex: 10      Spells: 6/6 levels left

rFire    . . .     SeeInvis .   g - +2 mace (crush)
rCold    + . .     Gourm    .   c - +0 shield
rNeg     + + +     Faith    .   b - +0 scale mail
rPois    ∞         Spirit   +   d - +0 helmet
rElec    .         Reflect  .   (no cloak)
rCorr    .         Harm     .   i - +0 pair of gloves
MR       +....                  (no boots)
Stlth    ..........             (no amulet)
HPRegen  0.14/turn              (no ring)
MPRegen  0.10/turn              (no ring)

@: no status effects
A: no food or potions, cold resistance 1, deterioration 1, negative energy
resistance 3, powered by death 1, torment resistance, unbreathing, magic shield,
sturdy frame 1, spell healing
a: no special abilities


You were in a sewer.
You were not hungry.

You visited 1 branch of the dungeon, and saw 4 of its levels.
You also visited: Sewer.

You collected 170 gold pieces.

Inventory:

Hand Weapons
 g - a +2 mace of crushing (weapon)
Armour
 b - a +0 scale mail (worn)
 c - a +0 shield (worn)
 d - a +0 helmet (worn)
 i - a +0 pair of gloves (worn)
Wands
 h - a wand of random effects (7)
Scrolls
 a - a scroll of fear {unknown}
 e - 2 scrolls of teleportation
 f - a scroll of blinking
 j - a scroll of remove curse
 k - a scroll of identify


   Skills:
 + Level 4.2 Fighting
 * Level 5.7 Maces & Flails
 + Level 4.6 Armour
 + Level 2.7 Dodging
 + Level 5.1 Shields


You had 6 spell levels left.
You didn't know any spells.
Your spell library was empty.

Dungeon Overview and Level Annotations

Branches:
Dungeon (4/12)
 Temple: D:4-7

Altars:
Qazlal


Innate Abilities, Weirdness & Mutations

You do not eat or drink.
You are immune to poison.
Your flesh is cold resistant. (rC+)
Your body sometimes deteriorates upon taking damage.
You are immune to negative energy. (rN+++)
You regenerate a little health from kills.
You are immune to unholy pain and torment.
You can survive without breathing.
When hurt, damage is shared between your health and your magic reserves.
Your movements are slightly less encumbered by armour. (ER -2)
Casting spells heals you.


Message History

The crocodile bites you.
You barely miss the crocodile.
The crocodile is lightly wounded.
The crocodile misses you. The crocodile bites you!
You closely miss the crocodile.
The crocodile is lightly wounded.
The crocodile bites you!
Your body deteriorates!
You feel dopey.
You are too injured to fight recklessly!
You are too injured to fight recklessly!
You are too injured to fight recklessly!
You are too injured to fight recklessly!
You sock the crocodile!
The crocodile is heavily wounded.
The crocodile bites you!
* * * LOW HITPOINT WARNING * * *
You hit the crocodile.
The crocodile is severely wounded.
The crocodile bites you!
You die...

######## ###......###
###..≈≈......### #
###....≈####≈....##≈)#
#.≈..≈### ###..@t.#
.....## ##..≈...#
#.≈..≈# #≈≈..≈###
###.≈≈..# .....##./
###..≈≈. ....### !!#
##......## ## ######


You could see a crocodile.

Vanquished Creatures
  An ice beast (D:3)
  An ogre (D:3)
  A bullfrog zombie (D:3)
  A bullfrog skeleton (D:4)
  2 orc wizards
  A worker ant (D:4)
  Robin (D:4)
  3 gnolls (D:3)
  A worker ant zombie (D:3)
  A howler monkey skeleton (D:4)
  4 adders
  4 worms
  A dart slug (D:2)
  5 leopard geckos
  9 orcs
  A ball python (D:1)
  4 bats
  6 giant cockroaches
  10 goblins
  7 hobgoblins
  18 jackals
  A quokka (D:2)
  4 frilled lizards
  13 kobolds
  2 leopard gecko skeletons (D:4)
  7 rats
109 creatures vanquished.

Notes
Turn   | Place    | Note
-------+----------+-------------------------------------------
     0 | D:1      | Freyura the Skeleton Fighter began the quest for the Orb.
     0 | D:1      | Reached XP level 1. HP: 14/14 MP: 1/1
    63 | D:1      | Reached XP level 2. HP: 10/19 MP: 0/2
   659 | D:2      | Reached XP level 3. HP: 23/23 MP: 3/3
   669 | D:2      | Reached skill level 1 in Dodging
   865 | D:2      | Reached XP level 4. HP: 27/28 MP: 4/4
  1490 | D:3      | Reached XP level 5. HP: 16/32 MP: 2/5
  2081 | D:3      | Noticed an ogre
  2083 | D:3      | Noticed an ice beast
  2094 | D:3      | Killed an ogre
  2094 | D:3      | Gained mutation: You regenerate a little health from kills.
                  | [Skeleton growth]
  2094 | D:3      | Reached XP level 6. HP: 18/38 MP: 2/6
  2109 | D:3      | Killed an ice beast
  2109 | D:3      | Reached skill level 5 in Maces & Flails
  2617 | D:3      | Found a stormy altar of Qazlal.
  2830 | D:4      | Noticed Robin
  2870 | D:4      | Killed Robin
  2870 | D:4      | Reached skill level 5 in Shields
  3010 | D:4      | Reached XP level 7. HP: 24/43 MP: 1/7
  3107 | D:4      | Found a glowing drain.
  3116 | Sewer    | Entered a sewer
  3164 | Sewer    | Slain by a crocodile

Skill      XL: |  1  2  3  4  5  6 |
---------------+-------------------+-----
Maces & Flails | 3 4 5 |  5.7
Dodging        | 1 2 |  2.7
Shields        | 4 5 |  5.1
Armour         | 4 |  4.6
Fighting       | 4 |  4.2

Action                   |  1- 3 |  4- 6 |  7- 9 || total
-------------------------+-------+-------+-------++-------
Melee: Flail             |    88 |       |       ||    88
       Mace              |     6 |   253 |    24 ||   283
  Use: Scroll            |       |     5 |       ||     5
Armor: Scale mail        |    50 |   122 |     7 ||   179
Dodge: Dodged            |    34 |   117 |    11 ||   162
Block: Shield            |    52 |   188 |    13 ||   253
